 Dungeon Crawl Stone Soup version 0.31-a0-240-gb923e448b6 (webtiles) character file.

Game seed: 6993785735511703345

118 qw the Shooter (level 4, -3/36 HPs)
             Began as a Minotaur Hexslinger on July 11, 2023.
             Killed from afar by an oklob plant (10 damage)
             ... with a splash of acid
             ... on level 3 of the Dungeon.
             The game lasted 00:00:55 (1851 turns).

qw the Shooter (Minotaur Hexslinger)                Turns: 1851, Time: 00:00:55

Health: -3/36      AC:  1    Str: 13    XL:     4   Next: 72%
Magic:  4/4        EV: 16    Int: 10    God:
Gold:   194        SH:  0    Dex: 14    Spells: 4/5 levels left

rFire   . . .        Y - +2 sling (freeze)
rCold   . . .        (no shield)
rNeg    . . .        i - +0 ring mail
rPois   .            (helmet unavailable)
rElec   .            (no cloak)
rCorr   +            (no gloves)
SInv    .            (no boots)
Will    .....        (no amulet)
Stlth   +            j - +5 ring of evasion
HPRegen 0.26/turn    a - ring of resist corrosion
MPRegen 0.09/turn

%: no passive effects
@: about to teleport, corroded
A: horns 3, retaliatory headbutt
a: no special abilities


You were on level 3 of the Dungeon.
You visited 1 branch of the dungeon, and saw 3 of its levels.

You collected 194 gold pieces.


Innate Abilities, Weirdness & Mutations

You have a pair of large horns on your head.
You reflexively headbutt those who attack you in melee.


   Skills:
 + Level 2.0 Fighting
 - Level 5.0 Ranged Weapons
 - Level 1.5 Armour
 - Level 2.1 Dodging
 - Level 1.0 Spellcasting
 - Level 2.0 Hexes


You had 4 spell levels left.
You knew the following spells:

 Your Spells              Type           Power      Damage    Failure   Level
a - Slow                  Hex            16%        N/A       32%         1

Your spell library contained the following spells:

 Spells                   Type           Power      Damage    Failure   Level
 Inner Flame              Hex/Fire       2%         N/A       82%         3
 Portal Projectile        Hex/Tloc       4%         N/A       82%         3
 Cause Fear               Hex            2%         N/A       97%         4

Inventory:

Hand Weapons
 Y - a +2 sling of freezing (weapon)
Armour
 i - a +0 ring mail (worn)
Jewellery
 a - a ring of resist corrosion (right hand)
 j - a +5 ring of evasion (left hand)
Scrolls
 d - a scroll of identify
 h - 2 scrolls of teleportation
Potions
 c - a potion of mutation
 e - a potion of heal wounds

Dungeon Overview and Level Annotations

Branches:
Dungeon (3/15)

Altars:
Fedhas
Qazlal

Annotations:
D:3 exclusion: oklob plant


Message History

Enter note:
Enter note:
Enter note:
Enter note:
Enter note:
Enter note:
Enter note: You shoot a sling bullet.
The sling bullet hits the oklob plant but does no damage.
The oklob plant spits acid at you. The splash of acid hits you! You resist.
Enter note:
Enter note:
Enter note:
Enter note:
Enter note:
Enter note:
Enter note:
Enter note:
Enter note:
Enter note:
Enter note:
Enter note:
Enter note:
Enter note:
Enter note: You shoot a sling bullet.
The sling bullet hits the fungus.
The fungus begins to die.
The sling bullet freezes the fungus.
The fungus is lightly damaged.
You shoot a sling bullet. The sling bullet hits the fungus.
The sling bullet freezes the fungus.
The fungus is lightly damaged.
The oklob plant spits acid at you. The splash of acid hits you! You resist.
1851 ||| READING 3 scrolls of teleportation.
As you read the scroll of teleportation, it crumbles to dust.
You feel strangely unstable. The oklob plant spits acid at you.
The splash of acid hits you! You resist.
You die...

#.......##P#P..~~~~~~~~~..PP
#.......#P#PP.~~~~~~~~~~~.P #
#.......#PPPP.~~~~...~~~~.###
#.......#PP.P......_.~~~~....
#...<...#PP7P.~~~~...~~~~.###
#########7PP7.~~~~~~~~~~~..P#
7##...~~~~~~~~~...7#
##PPP..¤¤¤¤~~~~..7P#
#PP.@P7¤¤¤¤¤~~...7#.#
#.P.PP#P¤¤¤¤...PPPPP#
#...7PPP7PPPP..7PP7P#
#.P..PP###P#.P#PPPP7#


#P.P.##PPPPPP#PP7PP7 #PPPP PP#PPPPPPPP.PP# ##### ############### You could see
an oklob plant.

Vanquished Creatures
  An orc wizard (D:2)
  3 adders
  A dart slug (D:2)
  3 orcs (D:3)
  7 ball pythons
  6 bats
  6 endoplasms
  2 giant cockroaches (D:1)
  7 goblins
  4 hobgoblins
  5 jackals
  2 quokkas
  4 frilled lizards
  4 kobolds
  3 rats (D:1)
58 creatures vanquished.

Notes
Turn   | Place    | Note
-------+----------+-------------------------------------------
     0 | D:1      | qw the Minotaur Hexslinger began the quest for the Orb.
     0 | D:1      | Reached XP level 1. HP: 16/16 MP: 1/1
     0 | D:1      | 0 ||| qw: Version: 0.3-a-52-g30416fa
     0 | D:1      | 0 ||| qw: Game counter: 5991
     0 | D:1      | 0 ||| qw: Melee chars always use a shield: true
     0 | D:1      | 0 ||| qw: God list: Okawaru
     0 | D:1      | 0 ||| qw: Allow faded altars: false
     0 | D:1      | 0 ||| qw: Do Orc after clearing Dungeon:15 true
     0 | D:1      | 0 ||| qw: Do second Lair branch before Depths: true
     0 | D:1      | 0 ||| qw: Lair rune preference: random
     0 | D:1      | 0 ||| qw: Goals: Normal
     0 | D:1      | 0 ||| PLANNING D:1-11
    21 | D:1      | 21 ||| FLEEEEING.
    72 | D:1      | Reached skill level 3 in Ranged Weapons
    72 | D:1      | Reached XP level 2. HP: 23/23 MP: 2/2
   318 | D:1      | Reached XP level 3. HP: 29/29 MP: 3/3
   567 | D:1      | 567 ||| UPGRADING to +0 ring mail.
   577 | D:1      | 577 ||| DROPPING +0 robe.
   578 | D:1      | 578 ||| UPGRADING to +5 ring of evasion.
   579 | D:1      | 579 ||| READING scroll labelled CARIJU YMEVO.
   580 | D:1      | 580 ||| READING scroll labelled PAOMOS RAEP.
   581 | D:1      | 581 ||| READING scroll labelled UZOREN YPTEITH.
   582 | D:1      | 582 ||| READING 2 scrolls labelled ZIACWI YNON.
   586 | D:1      | 586 ||| READING 3 scrolls labelled BAODWO LUFAE.
   587 | D:1      | 587 ||| DROPPING scroll of poison.
   588 | D:1      | 588 ||| DROPPING 2 scrolls of fear.
   662 | D:2      | Reached skill level 4 in Ranged Weapons
   879 | D:2      | Reached skill level 1 in Armour
  1255 | D:2      | Reached XP level 4. HP: 36/36 MP: 4/4
  1289 | D:2      | 1289 ||| UPGRADING to ring of resist corrosion.
  1290 | D:2      | 1290 ||| READING scroll labelled HAUPNU JEDDA.
  1291 | D:2      | 1291 ||| DRINKING 2 coppery potions.
  1291 | D:2      | Gained mutation: You have a pair of large horns on your
                  | head. [potion of mutation]
  1292 | D:2      | 1292 ||| DRINKING 2 emerald potions.
  1312 | D:3      | 1312 ||| STAIRDANCE
  1314 | D:3      | 1314 ||| STAIRDANCE
  1346 | D:2      | HP: 9/36 [something (1)]
  1464 | D:3      | Found a stormy altar of Qazlal.
  1648 | D:3      | 1648 ||| READING scroll of brand weapon.
  1648 | D:3      | 1648 ||| BRANDING +1 sling of flaming.
  1712 | D:3      | Reached skill level 5 in Ranged Weapons
  1819 | D:3      | Found a blossoming altar of Fedhas.
  1831 | D:3      | Noticed an oklob plant
  1832 | D:3      | 1832 ||| READING scroll labelled RATHRI ESTRORIUF.
  1833 | D:3      | 1833 ||| READING scroll labelled SACSAL DY NIUMI.
  1836 | D:3      | 1836 ||| READING 2 scrolls of identify.
  1836 | D:3      | 1836 ||| IDENTIFYING murky grey potion
  1837 | D:3      | 1837 ||| DROPPING potion of lignification.
  1850 | D:3      | HP: 7/36 [oklob plant/splash of acid (7)]
  1851 | D:3      | 1851 ||| READING 3 scrolls of teleportation.
  1851 | D:3      | Killed from afar by an oklob plant

Levels and vault maps discovered:
D:1:      ldierk_walled_garden, layout_basic, amcnicky_mini_corridor_feature
D:2:      layout_loops_ring
D:3:      layout_loops_ring, amcnicky_altar_gilded, tgw_fedhas,
          kennysheep_generic_room_2

Skill      XL: |  1  2  3  4 |
---------------+-------------+-----
Ranged Weapons | 3 4 5 |  5.0
Fighting       | 2 |  2.0
Armour         | 1 |  1.5
Dodging        | |  2.1
Spellcasting   | |  1.0
Hexes          | |  2.0

Action                     |  1- 3 |  4- 6 || total
---------------------------+-------+-------++-------
   Fire: Sling             |   122 |    59 ||   181
    Use: Scroll            |     5 |     6 ||    11
         Potion            |       |     2 ||     2
 Armour: Robe              |     8 |       ||     8
         Ring mail         |     7 |    16 ||    23
  Dodge: Dodged            |    39 |    29 ||    68

Table legend:
 A = Non-vault XP
 B = Vault XP
 C = Vault XP percentage of total XP
 D = Non-vault monster count
 E = Vault monster count
 F = Vault count percentage of total count
                 A         B        C        D         E       F
            +---------+---------+-------+---------+---------+-------
      Total |     169 |       0 |   0.0 |      58 |       0 |   0.0
            +---------+---------+-------+---------+---------+-------
        D:1 |      46 |       0 |   0.0 |      29 |       0 |   0.0
        D:2 |      86 |       0 |   0.0 |      16 |       0 |   0.0
        D:3 |      37 |       0 |   0.0 |      13 |       0 |   0.0
            +---------+---------+-------+---------+---------+-------
